AoeStats
← NarcoTeletubie

Arabia

508962987Analyzed
2v2 RM · 9d ago on Sep 24, 2026· 45m 21s· 4 players
Game mode
Random Map
Map size
Medium (4 player)
Population
200
Speed
Normal
Resources
Standard
Victory
Conquest
Starting age
Dark Age
Ending age
Imperial Age
RankedLock teamsTeams togetherTeam positionsShared explorationLock speedFull tech treeHidden civsTurbo modeCheats
Victory
Defeat
🇨🇴 Franks · Colombia
1141
+14
🇨🇴 Ethiopians · Colombia
1112
+15
🇺🇾 Romans · Uruguay
1114
-16
🇺🇾 Celts · Uruguay
1060
-13
DiosReus
7:41 Loom
10:47 Feudal Age
13:52 Town Watch
18:27 Castle Age
16:46 Fletching
18:17 Double-Bit Axe
18:17 Horse Collar
18:43 Padded Archer Armor
20:35 Wheelbarrow
22:32 Hand Cart
22:40 Squires
23:14 Crossbowman
26:26 Thumb Ring
26:45 Gold Mining
27:43 Ballistics
27:59 Bodkin Arrow
28:20 Leather Archer Armor
30:12 Masonry
31:23 Stone Mining
33:49 Bow Saw
34:19 Stone Shaft Mining
34:19 Gold Shaft Mining
36:51 Imperial Age
38:44 Chemistry
37:51 Siege Engineers
37:51 Bracer
39:49 Forging
39:40 Scale Mail Armor
39:58 Caravan
41:06 Arbalester
(COLG) DON CHIMBO
9:49 Feudal Age
8:57 Loom
11:09 Double-Bit Axe
18:32 Castle Age
17:35 Gold Mining
23:13 Scale Barding Armor
23:47 Forging
23:27 Town Watch
24:59 Chain Barding Armor
29:47 Stone Mining
31:17 Wheelbarrow
33:32 Bow Saw
33:28 Husbandry
37:32 Imperial Age
35:28 Hand Cart
35:14 Town Patrol
35:58 Light Cavalry
37:01 Town Patrol
38:33 Ballistics
38:13 Cavalier
40:43 Gold Shaft Mining
41:22 Chemistry
40:37 Masonry
40:08 Treadmill Crane
41:13 Plate Barding Armor
41:15 Iron Casting
40:52 Paladin
44:46 Blast Furnace
NarcoTeletubie
9:10 Loom
11:16 Feudal Age
12:43 Double-Bit Axe
13:26 Gold Mining
13:19 Horse Collar
17:10 Wheelbarrow
20:03 Fletching
23:25 Castle Age
21:30 Scale Mail Armor
23:29 Pikeman
24:54 Chain Mail Armor
25:34 Elite Skirmisher
26:58 Padded Archer Armor
27:32 Bow Saw
28:32 Leather Archer Armor
34:00 Hand Cart
36:41 Arson
37:18 Heavy Plow
38:16 Bodkin Arrow
39:02 Stone Mining
44:25 Imperial Age
44:30 Heavy Scorpion
Focanegra11
5:10 Loom
9:51 Feudal Age
10:22 Double-Bit Axe
13:12 Horse Collar
21:10 Castle Age
19:21 Scale Mail Armor
19:18 Gold Mining
20:18 Scale Mail Armor
21:31 Pikeman
22:11 Squires
22:24 Heavy Plow
22:48 Chain Mail Armor
26:45 Wheelbarrow
27:33 Man-at-Arms
28:48 Elite Skirmisher
29:29 Padded Archer Armor
32:51 Long Swordsman
35:57 Hand Cart
38:19 Imperial Age
36:28 Bow Saw
36:35 Forging
37:54 Ballistas
38:29 Gold Shaft Mining
38:55 Legionary
40:08 Scale Barding Armor
42:23 Siege Engineers
42:40 Ballistics
42:51 Halberdier
43:46 Heavy Scorpion
Connection lost

Rejoining the realm…

Still unreachable

The connection could not be restored.

Session expired

The server has moved on; the page needs a fresh start.